Map: King's Cove LE

Players

MaxPax

  • Race: Protoss Protoss
  • League: Grandmaster
  • Spawn Location: 5:00

Lambo - Winner!

  • Race: Zerg Zerg
  • League: Master
  • Spawn Location: 11:00

VOD

Have the link to the VOD?

Description

Time

  • Played on: Aug. 6, 2019, 11:57 a.m.
  • Length: 9:34
Show
View Real Time Build Order
Export as new Build Order

MaxPax Protoss 

Build Orders: Oracle Opening, Zealot Archon 

Get SALT Encoding   

  12  0:01  Probe  
  13  0:13  Probe  
  14  0:20  Pylon  
  14  0:25  Probe  
  15  0:38  Probe, Gateway  
  16  0:48  Assimilator  
  16  0:50  Probe  
  17  1:02  Probe  
  18  1:09  Gateway  
  18  1:14  Probe  
  18  1:17  Zealot  
  19  1:25  Cybernetics Core  
  19  1:27  Probe  
  22  1:35  Assimilator  
  22  1:39  Probe  
  23  1:44  Pylon  
  23  1:54  Adept x2  
  23  2:02  Probe  
  28  2:14  Probe  
  29  2:18  Stargate  
  29  2:31  Probe  
  29  2:34  Pylon  
  30  2:40  Adept  
  29  2:44  Probe  
  29  2:47  Warp Gate  
  30  2:56  Probe  
  30  2:58  Oracle  
  31  3:08  Probe  
  31  3:28  Nexus  
  31  3:30  Probe  
  32  3:40  Oracle  
  35  3:43  Probe  
  37  3:55  Probe  
  37  3:58  Pylon  
  37  4:04  Pylon  
  37  4:07  Probe  
  37  4:09  Adept  
  38  4:19  Pylon, Probe  
  39  4:27  Robotics Facility  
  39  4:28  Probe  
  39  4:36  Probe, Zealot  
  42  4:43  Twilight Council  
  44  4:46  Probe  
  44  4:49  Stalker  
  44  4:50  Probe  
  47  4:58  Probe  
  48  5:02  Probe  
  48  5:05  Warp Prism  
  49  5:10  Probe  
  50  5:14  Probe  
  50  5:18  Assimilator  
  50  5:20  Assimilator, Charge  
  53  5:23  Gateway  
  53  5:25  Gateway  
  53  5:33  Probe x2  
  55  5:38  Gateway  
  55  5:42  Gateway  
  55  5:48  Templar Archives  
  56  5:50  Probe  
  56  5:55  Zealot  
  58  5:58  Pylon  
  58  5:59  Probe  
  58  6:02  Probe  
  60  6:12  Probe  
  60  6:15  Probe  
  62  6:25  Zealot x2, Nexus  
  66  6:37  Pylon  
  66  6:40  Pylon  
  66  6:42  Zealot x2  
  70  6:55  Probe x2  
  70  6:56  Zealot x2  
  70  6:57  Zealot  
  78  7:03  High Templar  
  78  7:04  High Templar x2  
  78  7:08  Probe x2  
  86  7:09  Archon  
  86  7:12  Gateway  
  86  7:13  Gateway  
  86  7:20  Pylon  
  86  7:22  Pylon  
  86  7:23  Pylon  
  86  7:27  Immortal  
  86  7:32  Psionic Storm  
  91  7:37  Probe  
  91  7:38  High Templar, Probe  
  91  7:44  Archon  
  94  7:49  Probe  
  94  7:50  Robotics Facility  
  95  7:52  Probe  
  95  7:54  High Templar  
  95  7:55  High Templar x2  
  102  7:59  Probe  
  102  8:00  Immortal  
  102  8:01  Probe  
  102  8:04  Probe  
  105  8:11  Probe  
  110  8:13  Probe  
  110  8:15  Assimilator  
  110  8:16  Probe  
  112  8:20  High Templar  
  112  8:23  Probe  
  115  8:30  Probe x2  
  115  8:31  High Templar  
  119  8:35  Nexus  
  119  8:36  Zealot x2  
  119  8:37  Zealot  
  125  8:52  Phoenix  
  123  9:05  Archon  
  107  9:16  Zealot  
  107  9:17  Zealot x7  
Show
View Real Time Build Order
Export as new Build Order

Lambo Zerg - Winner!

Build Orders: Pool First 

Get SALT Encoding   

  12  0:00  Drone  
  13  0:13  Overlord  
  13  0:17  Drone  
  14  0:32  Drone x2  
  16  0:38  Drone  
  17  0:45  Spawning Pool  
  16  0:50  Drone  
  17  0:58  Drone  
  18  1:13  Hatchery  
  18  1:15  Extractor  
  18  1:18  Drone  
  17  1:21  Drone  
  18  1:32  Zergling x2  
  19  1:33  Queen  
  21  1:40  Overlord  
  21  1:53  Drone  
  22  2:06  Drone  
  23  2:09  Queen  
  25  2:17  Drone  
  26  2:23  Metabolic Boost  
  26  2:31  Zergling x4  
  26  2:35  Zergling x2, Queen  
  30  2:39  Zergling x2  
  29  2:44  Zergling x2  
  29  2:48  Zergling x2  
  29  2:50  Drone x3  
  34  2:59  Drone  
  34  3:00  Drone  
  34  3:08  Drone  
  34  3:10  Drone  
  35  3:21  Overlord  
  35  3:23  Spore Crawler  
  35  3:24  Spore Crawler  
  33  3:29  Drone x2  
  35  3:45  Drone  
  35  3:47  Hatchery  
  35  3:48  Drone  
  35  3:49  Drone  
  35  3:51  Drone  
  35  3:52  Drone  
  35  3:55  Drone  
  40  3:57  Drone  
  41  4:04  Drone x2  
  41  4:06  Drone  
  43  4:14  Overlord  
  43  4:17  Overlord  
  43  4:21  Overlord  
  43  4:23  Drone  
  44  4:30  Overlord  
  44  4:32  Queen, Overlord  
  44  4:36  Overlord  
  46  4:38  Spore Crawler, Drone  
  46  4:40  Drone x2  
  48  4:49  Drone x2  
  48  4:50  Drone  
  48  4:51  Drone x3  
  54  4:53  Drone  
  54  5:01  Drone x2  
  54  5:02  Drone x2  
  54  5:14  Drone x4  
  54  5:15  Queen  
  54  5:18  Roach Warren  
  59  5:24  Drone x5  
  59  5:28  Drone  
  65  5:30  Extractor  
  65  5:31  Extractor, Lair  
  65  5:33  Drone  
  64  5:38  Drone x3  
  64  5:40  Drone  
  68  5:44  Drone  
  68  5:48  Drone  
  68  5:49  Drone x2  
  72  5:53  Extractor  
  72  5:55  Extractor  
  70  6:00  Roach x6  
  70  6:03  Overlord  
  82  6:05  Roach  
  84  6:14  Evolution Chamber  
  84  6:16  Roach x3  
  84  6:17  Overlord  
  89  6:22  Overlord  
  89  6:24  Overlord  
  89  6:25  Overlord  
  89  6:28  Overlord  
  89  6:30  Roach x4  
  97  6:33  Glial Reconstitution  
  97  6:34  Drone  
  97  6:35  Extractor, Overlord  
  97  6:37  Overlord  
  97  6:38  Drone  
  98  6:45  Drone x3  
  98  6:46  Zerg Missile Weapons Level 1  
  100  6:48  Drone  
  100  6:49  Drone x2  
  103  7:00  Roach x2, Spire  
  103  7:01  Roach x2  
  110  7:04  Drone  
  110  7:05  Drone  
  111  7:12  Roach x2  
  115  7:18  Hatchery, Roach  
  115  7:19  Roach x2  
  120  7:23  Roach x3  
  120  7:26  Roach x2  
  130  7:31  Roach x2  
  130  7:32  Roach  
  130  7:36  Roach x3  
  142  7:45  Zergling x2, Overlord  
  142  7:50  Overlord  
  143  7:53  Zergling x2  
  143  7:54  Zergling x8  
  148  7:59  Zergling x8  
  152  8:17  Overlord  
  152  8:18  Mutalisk x8  
  168  8:20  Mutalisk  
  170  8:28  Overlord  
  170  8:29  Overlord x2  
  170  8:32  Queen  
  170  8:33  Baneling Nest  
  171  8:35  Overlord  
  171  8:37  Roach x3  
  171  8:39  Ravager  
  178  8:42  Roach x3  
  178  8:47  Roach x2  
  187  8:52  Overlord  
  187  8:54  Roach x3  
  192  8:56  Overlord  
  192  8:58  Overlord  
  191  9:06  Roach x4  
Tags
 
Add a new tag
Caveats
  • Supply blocks, unpowered buildings, or Contaminate may cause inaccurate times.
  • Supply counts are checked every 10 seconds.